 Dungeon Crawl Stone Soup version 0.27.1-3-gb3d3a73c9e (webtiles) character file.

Game seed: 17929683280945663747

51 BOMJPIETVODKU the Chopper (level 3, 0/33 HPs)
             Began as a Hill Orc Fighter on Oct 28, 2021.
             Slain by an adder (4 damage)
             ... on level 1 of the Dungeon.
             The game lasted 00:02:25 (823 turns).

BOMJPIETVODKU the Chopper (Hill Orc Fighter)         Turns: 823, Time: 00:02:25

Health: 0/33       AC:  7    Str: 19    XL:     3   Next: 81%
Magic:  3/3        EV:  7    Int:  8    God:
Gold:   47         SH:  9    Dex: 10    Spells: 2/2 levels left

rFire    . . .     SeeInvis .   a - +0 war axe
rCold    . . .     Faith    .   c - +0 kite shield
rNeg     . . .     Spirit   .   b - +0 scale mail
rPois    .         Reflect  .   (no helmet)
rElec    .         Harm     .   (no cloak)
rCorr    .         Rampage  .   (no gloves)
Will     .....                  (no boots)
Stlth    ..........             (no amulet)
HPRegen  0.11/turn              (no ring)
MPRegen  0.08/turn              (no ring)

@: no status effects
A: no striking features
a: no special abilities


You were on level 1 of the Dungeon.
You visited 1 branch of the dungeon, and saw 2 of its levels.

You collected 47 gold pieces.

Inventory:

Hand Weapons
 a - a +0 war axe (weapon)
Armour
 b - a +0 scale mail (worn)
 c - a +0 kite shield (worn)
 d - a +0 helmet
Scrolls
 f - 2 scrolls of summoning {unknown}
 g - a scroll of identify {unknown}
 h - a scroll of magic mapping {unknown}
Potions
 e - a potion of lignification {unknown}
 i - a potion of curing {unknown}
 j - a potion of brilliance {unknown}


   Skills:
 + Level 3.9 Fighting
 * Level 4.0 Axes
 + Level 3.7 Armour
 + Level 3.7 Shields


You had 2 spell levels left.
You didn't know any spells.
Your spell library was empty.

Dungeon Overview and Level Annotations

Branches:
Dungeon (2/15)

Altars:


Message History

Your Axes skill increases to level 4!
Items here: ! ))))) [[ †††††††.
You closely miss the goblin. The goblin barely misses you.
You barely miss the goblin. The goblin hits you with a +0 dagger.
* * * LOW HITPOINT WARNING * * *
The goblin hits you but does no damage.
You slash the goblin!
You kill the goblin!
The kobold closely misses you.
You completely miss the kobold. The kobold hits you but does no damage.
You closely miss the kobold. The kobold hits you with a +0 dagger.
* * * LOW HITPOINT WARNING * * *
The kobold misses you.
You closely miss the kobold. You block the kobold's attack.
You slash the kobold!
You kill the kobold!
Things that are here:
a +0 dagger; 2 stones; a +0 dagger
Okay, then.
Items here: )))) †††.
Okay, then.
Things that are here:
a +0 dagger; 2 stones; a +0 dagger An adder comes into view.
Items here: ! ))))) [[ †††††††.
d - a +0 helmet;
j - an orange potion The adder hisses angrily.
Things that are here:
a +0 dagger; 2 stones; a +0 dagger
Items here: )))) †††.
There is a stone staircase leading up here.
The adder bites you but does no damage.
You climb upwards.
There is a stone staircase leading down here.
You closely miss the adder.
You feel a little less mighty now.
The adder bites you but does no damage. x3
You closely miss the adder. You block the adder's attack.
You closely miss the adder. You block the adder's attack. The adder bites you.
You die...

#.......###............##...
#.#####.###.........##.####.
#.# #.#...........##..###.
#.# #...#.........##......
#.#####.....................
#.#P.##...#.........###.....
#...P.#.###.........# #.....
#.....#.###.........###.....
#..♣P.P..##@S...............
#..♣♣....#########.#.#......
#...♣P...### #.#........
##.P♣♣.P.P.#######....#.....
##..)♣♣♣...##...##........)
#..♣♣.♣P.P#.............†.
###...P..#.(..........#...
####..##...........##...
##.##......P♣........


You could see an adder.

Vanquished Creatures
  Robin (D:2)
  4 bats
  2 endoplasms (D:1)
  4 giant cockroaches
  10 goblins
  6 hobgoblins
  A kobold (D:2)
  A quokka (D:1)
  A ball python (D:1)
  3 frilled lizards (D:1)
  2 rats (D:1)
  A bush (D:1)
36 creatures vanquished.

Vanquished Creatures (others)
  2 plants (D:1)
2 creatures vanquished.

Grand Total: 38 creatures vanquished

Notes
Turn   | Place    | Note
-------+----------+-------------------------------------------
     0 | D:1      | BOMJPIETVODKU the Hill Orc Fighter began the quest for the
                  | Orb.
     0 | D:1      | Reached XP level 1. HP: 19/19 MP: 1/1
    98 | D:1      | Reached XP level 2. HP: 24/27 MP: 2/2
   235 | D:1      | Reached skill level 3 in Axes
   772 | D:2      | Noticed Robin
   779 | D:2      | Reached XP level 3. HP: 21/33 MP: 3/3
   795 | D:2      | Killed Robin
   797 | D:2      | Reached skill level 4 in Axes
   823 | D:1      | Slain by an adder

Illustrated notes

Levels and vault maps discovered:
D:1:      onia_arrival_mini_spirals, layout_rooms, serial_forest,
          infiniplex_forest_clump_curved, infiniplex_forest_clump_small,
          infiniplex_forest_lined_3, infiniplex_forest_straight_2,
          infiniplex_forest_lined_corner, infiniplex_forest_clump_diagonal,
          infiniplex_forest_end_1, kennysheep_another_room, st_stairs_12
D:2:      layout_loops_ring, hellmonk_ecumenical_altar_arch_garden, basic_altar,
          serial_rivers, chequers_serial_rivers_room_a,
          chequers_serial_rivers_micro_e, chequers_serial_rivers_micro_b,
          chequers_serial_rivers_small_a, chequers_serial_rivers_micro_c,
          minmay_hedge_maze, kennysheep_pointless_box, uniq_robin

Skill      XL: |  1  2  3 |
---------------+----------+-----
Axes           | 3 4 |  4.0
Fighting       | |  3.9
Armour         | |  3.7
Shields        | |  3.7

Action                   || total
-------------------------++-------
Melee: War axe           ||   145
  Use: Potion            ||     1
Armor: Scale mail        ||    42
Dodge: Dodged            ||    33
Block: Kite shield       ||    32
